 Dungeon Sprint DCSS version 0.28-a0-503-g83f2989fac (webtiles) character file.

Game seed: 4753401682945116403

3927 Liquidunit the Unseen (level 10, -7/77 HPs)
             Began as an Octopode Brigand on Sept 20, 2021.
             Was an Initiate of Gozag.
             Splashed by a jelly's acid (10 damage)
             ... in the Dungeon (Sprint I: "Red Sonja").
             The game lasted 00:07:01 (1391 turns).

Liquidunit the Unseen (Octopode Brigand)            Turns: 1391, Time: 00:07:02

Health: -7/77      AC:  1    Str: 12    XL:     10   Next: 21%
Magic:  10/10      EV: 18    Int: 14    God:    Gozag
Gold:   1126       SH:  0    Dex: 15    Spells: 9/9 levels left

rFire   . . .      SeeInvis .   a - +2 dagger
rCold   . . .      Faith    .   (no shield)
rNeg    . . .      Spirit   .   (helmet restricted)
rPois   .          Reflect  .   (no amulet)
rElec   .          Harm     .   (no ring)
rCorr   .          Rampage  .   (no ring)
Will    .....      NoTele   +   (no ring)
Stlth   +++++++...              (no ring)
HPRegen 0.22/turn               (no ring)
MPRegen 0.12/turn               (no ring)
                                (no ring)
                                (no ring)

@: no status effects
A: almost no armour, amphibious, 8 rings, camouflage 1, gelatinous body 1,
(nimble swimmer 1), tentacles
a: Renounce Religion, Potion Petition, Call Merchant, Bribe Branch


You were in the Dungeon.
You worshipped Gozag.
Gozag was most pleased with you.
You visited 1 branch You collected 1312 gold pieces.
You spent 186 gold pieces at shops.

Inventory:

Hand Weapons
 a - a +2 dagger (weapon)
Missiles
 b - 6 poisoned darts (quivered)
 c - 2 curare-tipped darts
Scrolls
 e - a scroll of brand weapon {unknown}
 f - 2 scrolls of fog
 h - a scroll of fear
 k - a scroll of amnesia {unknown}
 l - a scroll of identify
Potions
 d - a potion of curing
 g - 2 potions of magic
 i - a potion of might {unknown}
 j - a potion of brilliance {unknown}


   Skills:
 + Level 10.9 Fighting
 + Level 10.9 Short Blades
 - Level 9.9 Throwing
 + Level 10.8 Dodging
 + Level 15.3 Stealth


You had 9 spell levels left.
You didn't know any spells.
Your spell library was empty.

Dungeon Overview and Level Annotations

Branches:
Dungeon (1/1)

Altars:
Cheibriados
Dithmenos
Elyvilon
Fedhas
Gozag
Hepliaklqana
Kikubaaqudgha
Makhleb
Nemelex Xobeh
Okawaru
Qazlal
Ru
Sif Muna
Trog
Uskayaw
Vehumet
Wu Jian
Xom
Yredelemnul
Zin
The Shining One
Jiyva
Lugonu

Shops:
D ?[


Innate Abilities, Weirdness & Mutations

You cannot wear most types of armour.
You are amphibious.
You can wear up to eight rings at the same time.
Your skin changes colour to match your surroundings (Stealth+).
Your rubbery body absorbs attacks. (AC +1, EV +1)
((You are camouflaged near water. (Stealth+)))
You have tentacles for arms and can constrict up to eight enemies at once.


Message History

Things that are here:
a +3 scythe of venom; a +0 robe
There is an open door here.
You close the door.
You start resting.
You hear a distant slurping noise.
You hear a slurping noise.
The jelly eats the door!
Okay, then.
You hit the jelly.
Your tentacles burn!
The jelly is lightly wounded.
You hit the jelly.
Your tentacles burn!
The jelly is lightly wounded.
The jelly hits you.
You are splashed with acid.
You hit the jelly.
Your tentacles burn!
The jelly is moderately wounded.
You hit the jelly.
Your tentacles burn!
* * * LOW HITPOINT WARNING * * *
You squeeze the jelly!
The jelly is heavily wounded.
The jelly misses you.
You hit the jelly.
Your tentacles burn!
* * * LOW HITPOINT WARNING * * *
The jelly is heavily wounded.
You hit the jelly.
Your tentacles burn!
* * * LOW HITPOINT WARNING * * *
You squeeze the jelly!
The jelly is severely wounded.
The jelly misses you.
You hit the jelly.
Your tentacles burn!
* * * LOW HITPOINT WARNING * * *
The jelly is almost dead.
You hit the jelly but do no damage.
Your tentacles burn!
* * * LOW HITPOINT WARNING * * *
The jelly is almost dead.
The jelly hits you.
* * * LOW HITPOINT WARNING * * *
You are splashed with acid!
You die...
Your body crumbles into a pile of gold.

######################
#<.#.....#.....#__#..+
#..)..#...).#..'..'..#
#..#####J#####'#__####
#..####@.#$$$#.####.§###
#.)#__####$$##.#§§§.)#..
#..#_____##.#_..≈§≈..§..
#⌠⌠#_.∩...'..._#§§§.)#..
####_..__##_.#.##§#####§
$$#_____###.#(#§...###§
##########.####.###.##
.........$.$.$$$....∩#
#..+.####$$.##########


You could see a jelly.

Vanquished Creatures
  2 centaur warriors (D)
  Sonja (D)
  A deep troll (D)
  An oklob plant (D)
  A slime creature (D)
  A hornet (D)
  2 redbacks (D)
  Sigmund (D)
  A yak (D)
  An ogre (D)
  2 jellies (D)
  Ijyb (D)
15 creatures vanquished.

Vanquished Creatures (others)
  2 ballistomycete spores (D)
2 creatures vanquished.

Grand Total: 17 creatures vanquished

Notes
Turn   | Place    | Note
-------+----------+-------------------------------------------
     0 | D        | Liquidunit the Octopode Brigand began the quest for the
                  | Orb.
     0 | D        | Reached XP level 1. HP: 14/14 MP: 1/1
     2 | D        | Noticed Ijyb
    15 | D        | Killed Ijyb
    16 | D        | Reached skill level 6 in Stealth
    16 | D        | Reached XP level 2. HP: 17/21 MP: 2/2
    16 | D        | Reached XP level 3. HP: 21/26 MP: 3/3
    73 | D        | Noticed an ogre
    85 | D        | Killed an ogre
    86 | D        | Reached skill level 7 in Stealth
    86 | D        | Reached XP level 4. HP: 34/34 MP: 4/4
   113 | D        | Noticed Sigmund
   119 | D        | Killed Sigmund
   120 | D        | Reached skill level 5 in Fighting
   120 | D        | Reached skill level 5 in Short Blades
   120 | D        | Reached skill level 5 in Throwing
   120 | D        | Reached skill level 5 in Dodging
   120 | D        | Reached skill level 9 in Stealth
   120 | D        | Reached XP level 5. HP: 41/41 MP: 5/5
   120 | D        | Reached XP level 6. HP: 46/46 MP: 6/6
   136 | D        | Found an ornate altar of the Wu Jian Council.
   136 | D        | Found a shimmering blue altar of Sif Muna.
   138 | D        | Found a radiant altar of Vehumet.
   178 | D        | Found Onerum's Magic Scroll Emporium.
   178 | D        | Found an ancient bone altar of Kikubaaqudgha.
   178 | D        | Found a hazy altar of Hepliaklqana.
   178 | D        | Found a stormy altar of Qazlal.
   178 | D        | Found a hide-covered altar of Uskayaw.
   178 | D        | Found a blossoming altar of Fedhas.
   178 | D        | Found a bloodstained altar of Trog.
   178 | D        | Found an iron altar of Okawaru.
   178 | D        | Found a basalt altar of Yredelemnul.
   178 | D        | Found a glowing golden altar of the Shining One.
   178 | D        | Found a snail-covered altar of Cheibriados.
   178 | D        | Found a sacrificial altar of Ru.
   178 | D        | Found a glowing silver altar of Zin.
   178 | D        | Found a shadowy altar of Dithmenos.
   178 | D        | Found a white marble altar of Elyvilon.
   178 | D        | Noticed a yak
   179 | D        | Found an opulent altar of Gozag.
   180 | D        | Killed a yak
   181 | D        | Reached skill level 10 in Stealth
   181 | D        | Found a sparkling altar of Nemelex Xobeh.
   184 | D        | Became a worshipper of Gozag Ym Sagoz the Greedy
   550 | D        | Reached XP level 7. HP: 50/53 MP: 7/7
   558 | D        | Noticed a centaur warrior
   558 | D        | Noticed a centaur warrior
   559 | D        | Noticed Sonja
   568 | D        | Bought a scroll of blinking for 82 gold pieces
   568 | D        | Bought 3 scrolls of fog for 66 gold pieces
   568 | D        | Bought a scroll of fear for 38 gold pieces
   829 | D        | Found a viscous altar of Jiyva.
   829 | D        | Found a corrupted altar of Lugonu.
   829 | D        | Noticed a slime creature
   830 | D        | Found a burning altar of Makhleb.
   830 | D        | Found a shimmering altar of Xom.
   832 | D        | Killed a slime creature
   833 | D        | Reached skill level 11 in Stealth
   855 | D        | Noticed a hornet
   856 | D        | Killed a centaur warrior
   857 | D        | Reached skill level 12 in Stealth
   857 | D        | Reached XP level 8. HP: 62/62 MP: 8/8
   858 | D        | Killed a centaur warrior
   859 | D        | Reached skill level 13 in Stealth
   859 | D        | Reached XP level 9. HP: 68/68 MP: 9/9
   859 | D        | Noticed an oklob plant
   861 | D        | Killed a hornet
   864 | D        | Killed an oklob plant
   865 | D        | Reached skill level 14 in Stealth
   889 | D        | Noticed a deep troll
   905 | D        | Reached skill level 10 in Fighting
   905 | D        | Reached skill level 10 in Short Blades
   908 | D        | Reached skill level 10 in Dodging
  1286 | D        | Found Fijecir's Armour Emporium.
  1287 | D        | Killed a deep troll
  1288 | D        | Reached XP level 10. HP: 77/77 MP: 10/10
  1319 | D        | Killed Sonja
  1320 | D        | Reached skill level 15 in Stealth
  1391 | D        | HP: 3/77 [jelly (1)]
  1391 | D        | Splashed by a jelly's acid

Illustrated notes

Levels and vault maps discovered:
D:        dungeon_sprint_1 [red_sonja_temple_1, red_sonja_temple_small_1]

Skill      XL: |  1  2  3  4  5  6  7  8  9 10 |
---------------+-------------------------------+-----
Fighting       | 3 4 5 6 8 9 10 | 10.9
Short Blades   | 3 4 5 6 8 9 10 | 10.9
Throwing       | 3 4 5 6 8 9 |  9.9
Dodging        | 2 4 5 6 8 9 10 | 10.8
Stealth        | 6 7 9 10 12 13 14 15 | 15.3

Action                   |  1- 3 |  4- 6 |  7- 9 | 10-12 || total
-------------------------+-------+-------+-------+-------++-------
Melee: Dagger            |    10 |    12 |     9 |    14 ||    45
       Constrict         |     1 |     1 |       |       ||     2
       Tentacles         |     1 |     5 |       |     3 ||     9
Throw: Dart              |     8 |     4 |       |       ||    12
  Use: Potion            |     1 |     2 |       |       ||     3
       Scroll            |       |     2 |     1 |     2 ||     5
 Stab: Sleeping          |       |     1 |     8 |     1 ||    10
       Distracted        |       |       |     1 |       ||     1
Dodge: Dodged            |     2 |     6 |       |     3 ||    11

Table legend: (Time is in decaauts)
 A = Elapsed time spent in this place.
 B = Non-inter-level travel time spent in this place.
 C = Inter-level travel time spent in this place.
 D = Time resting spent in this place.
 E = Time spent auto-exploring this place.
 F = Levels seen in this place.
 G = Mean time per level.
                   A        B        C        D        E       F      G
               +--------+--------+--------+--------+--------+-----+--------+
         Total |   1365 |   1365 |      0 |   1004 |      0 |   1 | 1365.0 |
       Dungeon |   1365 |   1365 |      0 |   1004 |      0 |   1 | 1365.0 |
               +--------+--------+--------+--------+--------+-----+--------+

Top non-repeatable levels by time:
       D: 1365 daAuts
